 Dungeon Crawl Stone Soup version 0.21.1-1-g345015f (webtiles) character file.

99 Th3D0c the Cudgeler (level 4, 0/41 HPs)
             Began as a Minotaur Berserker on June 27, 2018.
             Was a Believer of Trog.
             Slain by a leopard gecko (5 damage)
             ... on level 3 of the Dungeon.
             The game lasted 00:20:42 (2218 turns).

Th3D0c the Cudgeler (Minotaur Berserker)            Turns: 2218, Time: 00:20:43

Health: 0/41       AC:  2    Str: 22    XL:     4   Next: 45%
Magic:  3/3        EV:  6    Int:  4    God:    Trog [**....]
Gold:   124        SH:  0    Dex: 10    Spells: 3/3 levels left

rFire    . . .     SeeInvis .   a - +0 mace
rCold    . . .     Gourm    .   (no shield)
rNeg     . . .     Faith    .   b - +0 animal skin
rPois    .         Spirit   .   (helmet restricted)
rElec    .         Reflect  .   (no cloak)
rCorr    .         Harm     .   (no gloves)
MR       .....                  (no boots)
Stlth    +.........             (no amulet)
HPRegen  0.13/turn              (no ring)
MPRegen  0.08/turn              (no ring)

@: lethally poisoned (0 -> -6), held
A: retaliatory headbutt, horns 2
a: Berserk, Trog's Hand, Burn Spellbooks, Renounce Religion


You were on level 3 of the Dungeon.
You worshipped Trog.
Trog was pleased with you.
You were very hungry.

You visited 1 branch of the dungeon, and saw 3 of its levels.

You collected 124 gold pieces.

Inventory:

Hand Weapons
 a - a +0 mace (weapon)
 f - a +4 hunting sling
 n - a +4 mace of protection
 o - a +0 hand axe
Missiles
 g - 14 arrows
 i - 112 stones (quivered)
 j - 26 poisoned needles
 m - 6 tomahawks
 p - 71 sling bullets
 y - 38 bolts
Armour
 b - a +0 animal skin (worn)
 s - a +0 helmet
 x - a +0 chain mail
Jewellery
 h - an uncursed ring of fire {unknown}
 t - a +1 ring of evasion {unknown}
 w - a +5 ring of dexterity {unknown}
Scrolls
 k - 2 scrolls of enchant weapon {unknown}
 q - 4 scrolls of identify {unknown}
 r - 2 scrolls of fog {unknown}
 u - a scroll of fear {unknown}
 v - a scroll of remove curse {unknown}
 B - a scroll of magic mapping {unknown}
Potions
 d - a potion of ambrosia
 e - a potion of heal wounds {unknown}
 l - 2 potions of agility
 z - a potion of mutation {unknown}
 A - a potion of brilliance {unknown}
Comestibles
 c - 6 rations
 C - 2 chunks of flesh


   Skills:
 + Level 4.7 Fighting
 + Level 5.2 Maces & Flails
 + Level 2.6 Armour
 + Level 2.5 Dodging
 + Level 0.6 Stealth


You had 3 spell levels left.
You didn't know any spells.

Dungeon Overview and Level Annotations

Branches:
Dungeon (3/15)

Altars:
Cheibriados
Okawaru
Trog
Wu Jian


Innate Abilities, Weirdness & Mutations

You reflexively headbutt those who attack you in melee.
You have a pair of horns on your head.


Message History

The leopard gecko barely misses you.
You barely miss the leopard gecko. Your headbutt misses the leopard gecko.
You feel sick. The gnoll barely misses you.
The leopard gecko closely misses you.
You miss the leopard gecko.
You feel sick. The leopard gecko closely misses you.
The gnoll hits you from afar with a halberd!
* * * LOW HITPOINT WARNING * * *
The leopard gecko bites you.
* * * LOW HITPOINT WARNING * * *
* * * LOW HITPOINT WARNING * * *
You feel sick.
* * * LOW HITPOINT WARNING * * *
You feel sick.
The gnoll throws a throwing net.
The throwing net hits you.
You become entangled in the net!
You see here a throwing net.
You tear a large gash into the net.
* * * LOW HITPOINT WARNING * * *
You feel sick. The leopard gecko bites you.
You die...

l#.#.#.#.#.#.#.#.## ...
#.#.#.#.#.#.#.#.#.##?..
#.#.#.#.#.#.#.#.#....#
#.#.#.#.#.#.#.#.# #.#
#S#.#.#.#.#.#.## #.#
#.#.#.#.#)#.#.#.###.#
#.#.#.#.#.#.#g#.#....#+#+####
+#g#.#.#.#.#)#.#............#
g..####.>#.#..l@....<.......#
..S ####.#.........รท......#
... #.######...........# ..
#.. +...........# .. ###
#...........# #...........#
#...........# #############


You could see a gnoll and a leopard gecko.

Vanquished Creatures
  4 adders
  2 gnolls (D:3)
  2 worms (D:2)
  A leopard gecko (D:2)
  3 bats
  A giant cockroach (D:1)
  6 hobgoblins
  5 jackals (D:2)
  5 frilled lizards
  3 goblins (D:1)
  3 kobolds
  6 rats
41 creatures vanquished.

Notes
Turn   | Place    | Note
-------+----------+-------------------------------------------
     0 | D:1      | Th3D0c the Minotaur Berserker began the quest for the Orb.
     0 | D:1      | Reached XP level 1. HP: 19/19 MP: 0/0
   223 | D:1      | Reached XP level 2. HP: 25/27 MP: 1/1
   471 | D:1      | Reached skill level 4 in Maces & Flails
   774 | D:2      | Reached ** piety under Trog
  1088 | D:2      | Reached XP level 3. HP: 29/34 MP: 2/2
  1478 | D:2      | Found an ornate altar of the Wu Jian Council.
  1727 | D:2      | Found a snail-covered altar of Cheibriados.
  1748 | D:2      | Found a bloodstained altar of Trog.
  1748 | D:2      | Found an iron altar of Okawaru.
  2196 | D:3      | Reached XP level 4. HP: 22/41 MP: 3/3
  2211 | D:3      | Reached skill level 5 in Maces & Flails
  2218 | D:3      | Slain by a leopard gecko

Skill      XL: |  1  2  3  4 |
---------------+-------------+-----
Maces & Flails | 4 5 |  5.2
Fighting       | 4 |  4.7
Armour         | |  2.6
Dodging        | |  2.5
Stealth        | |  0.6

Action                   |  1- 3 |  4- 6 || total
-------------------------+-------+-------++-------
Melee: Mace              |    90 |    11 ||   101
       Headbutt          |    12 |     2 ||    14
Throw: Stone             |     6 |       ||     6
  Use: Potion            |       |     1 ||     1
 Stab: Sleeping          |     1 |       ||     1
  Eat: Chunk             |     3 |       ||     3
Armor: Animal skin       |    10 |     3 ||    13
Dodge: Dodged            |    52 |    10 ||    62
